 Dungeon Crawl Stone Soup version 0.27.1-15-g792fb953b9 (webtiles) character file.

Game seed: 16795873700449204082

23 zeram the Grave Robber (level 2, -4/19 HPs)
             Began as a Demonspawn Necromancer on Nov 20, 2021.
             Slain by Sigmund (9 damage)
             ... on level 1 of the Dungeon.
             The game lasted 00:03:15 (2413 turns).

zeram the Grave Robber (Demonspawn Necromancer)     Turns: 2413, Time: 00:03:16

Health: -4/19      AC:  3    Str:  8    XL:     2   Next: 75%
Magic:  1/5        EV: 12    Int: 16    God:
Gold:   54         SH:  0    Dex: 13    Spells: 4/5 levels left

rFire    . . .     SeeInvis .   g - +0 club
rCold    . . .     Faith    .   (no shield)
rNeg     . . .     Spirit   .   a - +0 robe
rPois    .         Reflect  .   b - +0 helmet
rElec    .         Harm     .   (no cloak)
rCorr    .         Rampage  .   (no gloves)
Will     .....                  (no boots)
Stlth    ++........             (no amulet)
HPRegen  0.06/turn              (no ring)
MPRegen  0.18/turn              (no ring)

@: no status effects
A: magic regeneration
a: no special abilities


You were on level 1 of the Dungeon.
You visited 1 branch of the dungeon, and saw 2 of its levels.

You collected 54 gold pieces.

Inventory:

Hand Weapons
 g - a +0 club (weapon)
Armour
 a - a +0 robe (worn)
 b - a +0 helmet (worn)
Scrolls
 d - a scroll of identify
Potions
 c - a potion of attraction
 e - a potion of degeneration {unknown}
 f - 2 potions of brilliance {unknown}


   Skills:
 - Level 1.7 Dodging
 - Level 1.7 Stealth
 - Level 2.0 Spellcasting
 + Level 5.3 Necromancy


You had 4 spell levels left.
You knew the following spells:

 Your Spells              Type           Power      Damage    Failure   Level
a - Pain                  Necr           72%        1d7       2%          1

Your spell library contained the following spells:

 Spells                   Type           Power      Damage    Failure   Level
 Animate Skeleton         Necr           36%        N/A       2%          1
 Vampiric Draining        Necr           9%         2d7       7%          3
 Animate Dead             Necr           9%         N/A       22%         4
 Agony                    Necr           18%        N/A       54%         5


Dungeon Overview and Level Annotations

Branches:
Dungeon (2/15)

Altars:

Annotations:
D:2 Sigmund


Innate Abilities, Weirdness & Mutations

You regenerate magic rapidly.


Message History

Aim: Sigmund, wielding a +0 scythe and wearing a +0 robe (chance to affect: 84%) Sigmund writhes in agony!
Sigmund hits you with a +0 scythe.
Casting: Pain (safe; 2% risk of failure)
Confirm with . or Enter, or press ? or * to list all spells.
Aiming: Pain (safe; 2% risk of failure)
Press: ? - help, Shift-Dir - straight line, f/p - Sigmund
Aim: Sigmund, wielding a +0 scythe and wearing a +0 robe (moderately wounded, chance to affect: 84%) Sigmund writhes in agony.
Sigmund closely misses you.
Casting: Pain (safe; 2% risk of failure)
Confirm with . or Enter, or press ? or * to list all spells.
Aiming: Pain (safe; 2% risk of failure)
Press: ? - help, Shift-Dir - straight line, f/p - Sigmund
Aim: Sigmund, wielding a +0 scythe and wearing a +0 robe (moderately wounded, chance to affect: 84%) Sigmund writhes in agony.
Casting: Pain (safe; 2% risk of failure)
Confirm with . or Enter, or press ? or * to list all spells.
Aiming: Pain (safe; 2% risk of failure)
Press: ? - help, Shift-Dir - straight line, f/p - Sigmund
Aim: Sigmund, wielding a +0 scythe and wearing a +0 robe (heavily wounded, chance to affect: 84%) Sigmund writhes in agony.
Sigmund hits you but does no damage.
Casting: Pain (safe; 2% risk of failure)
Confirm with . or Enter, or press ? or * to list all spells.
Aiming: Pain (safe; 2% risk of failure)
Press: ? - help, Shift-Dir - straight line, f/p - Sigmund
Aim: Sigmund, wielding a +0 scythe and wearing a +0 robe (severely wounded, chance to affect: 84%) Sigmund writhes in agony.
Sigmund gestures wildly while chanting.
Sigmund flickers and vanishes!
Deactivating autopickup; reactivate with Ctrl-A.
Casting: Pain (safe; 2% risk of failure)
Confirm with . or Enter, or press ? or * to list all spells.
You don't have enough magic to cast this spell.
Unknown command.
Something hits you.
* * * LOW HITPOINT WARNING * * *
You climb upwards.
Reactivating autopickup.
There is a stone staircase leading down here.
Something hits you!
You die...

############## #.............
###### #.############ #....#
#.# #....... # #....# #.#
#.###### #########....#####
#.#####.#.....
........'....'..>#
#.##..........
....#####....#.#.#
#.##.##.#.####
###.....+....+.#@#
#.##.##.#.### #
#.#####....#.#.# #.##.##.#.#.#
# #.## #....#.#.#
#.##.##.#.#.# # #..#
#....#.#.# #.##.##.#.#.# #
#..#########.#.# #.##.##.#.#.#
# #..#.........#.#
#.##.##.#.#.# #
#..#.#####...#.###.##.##.#.#.#
#....#####...................#
#.#............##..#.##..#.#.#


There were no monsters in sight!

Vanquished Creatures
  A worm (D:2)
  2 bats (D:1)
  An endoplasm (D:2)
  A giant cockroach (D:1)
  2 goblins (D:1)
  2 hobgoblins (D:1)
  6 ball pythons
  A frilled lizard (D:1)
  2 kobolds (D:1)
  2 rats (D:1)
20 creatures vanquished.

Notes
Turn   | Place    | Note
-------+----------+-------------------------------------------
     0 | D:1      | zeram the Demonspawn Necromancer began the quest for the
                  | Orb.
     0 | D:1      | Reached XP level 1. HP: 13/13 MP: 3/3
   759 | D:1      | Gained mutation: You regenerate magic rapidly. [demonic
                  | ancestry]
   759 | D:1      | Reached XP level 2. HP: 18/19 MP: 3/5
   847 | D:1      | Reached skill level 5 in Necromancy
  1794 | D:2      | Noticed Sigmund
  2413 | D:1      | Slain by Sigmund

Illustrated notes

Levels and vault maps discovered:
D:1:      scummos_arrival_simple_fountains, layout_basic,
          hangedman_decor_points, chequers_serial_rivers_marsh,
          minmay_hexomino_u4
D:2:      layout_loops_cross, ebering_ecumenical_altar_hall,
          hangedman_decor_growths, amcnicky_mini_rare_corridor_liquid,
          uniq_sigmund

Skill      XL: |  1  2 |
---------------+-------+-----
Necromancy     | 5 |  5.3
Dodging        | |  1.7
Stealth        | |  1.7
Spellcasting   | |  2.0

Action                   || total
-------------------------++-------
Melee: Unarmed           ||    21
       Club              ||     2
 Cast: Pain              ||    46
  Use: Scroll            ||     1
 Stab: Sleeping          ||     1
Armor: Robe              ||    11
Dodge: Dodged            ||    33
